Map: Thunderbird LE

Players

Nylio

  • Race: Terran Terran
  • League: Diamond
  • Spawn Location: 5:00

zuka - Winner!

  • Race: Protoss Protoss
  • League: Master
  • Spawn Location: 11:00

VOD

Have the link to the VOD?

Description

Time

  • Played on: Sept. 18, 2019, 3:02 p.m.
  • Length: 6:25
Show
View Real Time Build Order
Export as new Build Order

Nylio Terran 

Build Orders: Reaper Expand 

Get SALT Encoding   

  12  0:00  SCV  
  13  0:12  SCV  
  14  0:16  Supply Depot  
  14  0:24  SCV  
  15  0:38  SCV  
  15  0:39  Barracks  
  16  0:43  Refinery  
  16  0:50  SCV  
  17  1:02  SCV  
  18  1:14  SCV  
  19  1:29  Orbital Command, Reaper  
  20  1:43  Command Center  
  20  1:52  Supply Depot  
  20  1:55  SCV  
  21  2:02  Barracks Reactor  
  21  2:08  SCV  
  22  2:20  SCV  
  23  2:24  Bunker  
  23  2:25  Factory  
  23  2:27  Refinery  
  23  2:32  SCV  
  24  2:44  SCV  
  24  2:45  Marine x2  
  27  2:56  SCV  
  27  2:57  Orbital Command  
  28  3:03  Marine x2  
  30  3:08  SCV  
  30  3:20  Widow Mine, Starport, SCV  
  33  3:31  SCV  
  33  3:32  Supply Depot, SCV, Marine  
  33  3:33  Marine  
  37  3:42  Widow Mine  
  37  3:43  SCV  
  37  3:44  SCV  
  41  3:50  Marine  
  41  3:51  Marine  
  41  3:55  SCV  
  44  3:56  SCV  
  44  3:59  Supply Depot, Medivac  
  44  4:01  Barracks  
  47  4:03  Factory Tech Lab  
  47  4:07  SCV  
  47  4:09  SCV  
  49  4:16  Refinery, Marine x2  
  51  4:19  SCV  
  51  4:21  SCV  
  51  4:22  Supply Depot  
  53  4:25  Siege Tank  
  53  4:30  Starport Tech Lab  
  56  4:31  SCV  
  56  4:33  SCV  
  58  4:44  SCV  
  58  4:45  SCV  
  60  4:55  Supply Depot  
  60  4:56  SCV  
  60  4:57  Raven, SCV  
  64  5:02  Marine x2  
  66  5:08  SCV  
  66  5:09  SCV, Factory Tech Lab  
  68  5:19  Supply Depot  
  68  5:20  SCV  
  69  5:21  SCV  
  69  5:22  Marauder, Marine x2  
  69  5:24  Engineering Bay  
  72  5:40  Marine x2  
  68  5:44  Marauder  
  61  5:50  Medivac, Siege Tank  
  64  5:58  Marine x2  
  58  6:11  Barracks  
Show
View Real Time Build Order
Export as new Build Order

zuka Protoss - Winner!

Build Orders: 1 Gate Expand 

Get SALT Encoding   

  12  0:01  Probe  
  13  0:13  Probe  
  14  0:17  Pylon  
  14  0:25  Probe (Chrono Boost)  
  16  0:36  Probe (Chrono Boost)  
  16  0:38  Gateway  
  16  0:41  Probe  
  16  0:47  Assimilator  
  17  0:53  Probe  
  18  1:05  Probe (Chrono Boost)  
  19  1:15  Probe (Chrono Boost)  
  20  1:20  Probe (Chrono Boost)  
  21  1:29  Nexus  
  21  1:37  Cybernetics Core  
  21  1:43  Assimilator  
  22  1:47  Probe  
  22  1:53  Pylon  
  22  1:59  Probe  
  23  2:10  Stalker (Chrono Boost)  
  23  2:11  Probe  
  23  2:15  Warp Gate  
  26  2:23  Probe  
  26  2:27  Robotics Facility  
  27  2:35  Probe  
  28  2:37  Stalker  
  28  2:42  Probe  
  31  2:47  Probe  
  32  2:54  Probe  
  33  2:59  Probe  
  33  3:03  Twilight Council  
  34  3:06  Probe  
  34  3:09  Stalker  
  34  3:12  Probe  
  38  3:19  Observer  
  39  3:21  Probe  
  39  3:24  Probe  
  41  3:31  Gateway  
  41  3:32  Gateway  
  41  3:33  Probe  
  42  3:37  Charge (Chrono Boost)  
  42  3:43  Probe  
  42  3:46  Warp Prism (Chrono Boost)  
  45  3:51  Pylon  
  45  3:53  Probe  
  46  3:59  Pylon  
  46  4:09  Probe  
  47  4:14  Sentry  
  47  4:15  Immortal (Chrono Boost)  
  53  4:18  Gateway  
  53  4:19  Gateway  
  53  4:27  Gateway  
  53  4:30  Pylon  
  53  4:35  Zealot  
  53  4:37  Zealot  
  57  4:40  Gateway  
  57  4:46  Gateway  
  57  4:48  Pylon  
  57  4:58  Zealot x3  
  63  5:08  Pylon  
  63  5:21  Zealot x5  
  73  5:30  Zealot  
  73  5:38  Zealot  
  72  5:47  Zealot  
  72  5:48  Zealot x5  
  72  5:53  Zealot  
  66  6:07  Zealot  
  66  6:10  Zealot x4  
  66  6:11  Zealot x2  
Tags
 
Add a new tag
Caveats
  • Supply blocks, unpowered buildings, or Contaminate may cause inaccurate times.
  • Supply counts are checked every 10 seconds.